[Event "*** SCC Grand Prix: Titled Tuesday Blitz"]
[Site "Chess.com"]
[Date "2020.08.25"]
[Round "5"]
[White "Cambek64"]
[Black "serhanberat_ozdemir"]
[Result "0-1"]
[WhiteElo "2346"]
[BlackElo "2496"]
[TimeControl "180+1"]
[EndTime "10:56:46 PDT"]
[Termination "serhanberat_ozdemir won by resignation"]

1. e4 c5 2. Nf3 e6 3. d3 d5 4.
Nbd2 Nf6 5. g3 Nc6 6. Bg2 Be7 7. O-O O-O 8. Re1 b6 9. c3 Bb7 10. Qe2 Qc7 11. e5 Nd7 12. Nf1 Rfd8 13. h4 b5 14. Bf4 a5 15. N1h2 b4 16. h5 a4 17. a3 Ba6 18. h6 g6 19. Ng4 Rab8 20. Qe3 bxc3 21. bxc3 Rb3 22. Bg5 Bxg5 23. Qxg5 Ne7 24.
Nf6+ Nxf6 25. exf6 Nc6 26. Bh3 Re8 27. Rec1 Bxd3 28. Qe3 c4 29. Ng5 Qe5 30. Qc5 Qxg5 31. Qxc6 Rf8 32. Bxe6 fxe6 33. Qxe6+ Kh8 34. f7 Qf5 35.
Qxf5 Bxf5 36. Re1 Rb7 37. Re8 Rxf7 38. Rae1 Kg8 0-1

[Event "*** SCC Grand Prix: Titled Tuesday Blitz"]
[Site "Chess.com"]
[Date "2020.08.25"]
[Round "5"]
[White "zmarian"]
[Black "tteshan"]
[Result "0-1"]
[WhiteElo "2170"]
[BlackElo "2339"]
[TimeControl "180+1"]
[EndTime "10:56:46 PDT"]
[Termination "tteshan won by resignation"]

1. g3 c5 2. Bg2 Nc6 3. Nf3 g6 4. d4 cxd4 5. Nxd4 Bg7 6. e3 Nf6 7. O-O O-O 8. c4 a6 9. Nc3 Qc7 10. b3 d6 11. Bb2 Bg4 12. Qd2 Rac8 13. Rac1 Qa5 14. h3 Bd7 15. Rfd1 Nxd4 16. exd4 b5 17. Nd5 Qd8 18. cxb5 Nxd5 19. Bxd5 axb5 20. Bg2 h5 21. Re1 Kh7 22. Rxc8 Qxc8 23. Rxe7 Bxh3 24. Re1 Bxg2 25. Kxg2 Qa8+ 26. Kh2 Qxa2 27. b4 Rc8 28. Re7 Qd5 29.
Bc3 Rc4 30. Rd7 Qe6 31. Rb7 Qf5 32. Rb6 Rxc3 33. Qxc3 Qxf2+ 34. Kh3 Bxd4 35. Qd3 Bxb6 36.
Qxd6 Qf1+ 37. Kh2 Bg1+ 0-1

[Event "*** SCC Grand Prix: Titled Tuesday Blitz"]
[Site "Chess.com"]
[Date "2020.08.25"]
[Round "5"]
[White "Beca95"]
[Black "dforcen"]
[Result "1-0"]
[WhiteElo "2866"]
[BlackElo "2624"]
[TimeControl "180+1"]
[EndTime "10:56:48 PDT"]
[Termination "Beca95 won by resignation"]

1. d4 d5 2. c4 c6 3. Nc3 Nf6 4. Nf3 dxc4 5. a4 e6 6. e4 Bb4 7. e5 Nd5 8. Bd2 Bxc3 9. bxc3 b5 10. Ng5 f5 11. h4 Qe7 12. g4 h6 13. Nh3 Qxh4 14. Rg1 f4 15. Qf3 O-O 16. g5 b4 17.
gxh6 Qxh6 18. Bxc4 bxc3 19. Bxc3 Ba6 20. Bxd5 cxd5 21.
Kd2 Nd7 22. a5 Rac8 23. Rg5 Qh7 24. Rag1 Rf7 25. R5g4 Nxe5 26. dxe5 d4 27. Ng5 dxc3+ 28. Kc1 Bb7 29. Qe2 f3 30. Qe3 Qf5 31. Nxf7 1-0

[Event "*** SCC Grand Prix: Titled Tuesday Blitz"]
[Site "Chess.com"]
[Date "2020.08.25"]
[Round "5"]
[White "LaPorfia"]
[Black "NoboaKevin1999"]
[Result "0-1"]
[WhiteElo "2228"]
[BlackElo "2429"]
[TimeControl "180+1"]
[EndTime "10:56:48 PDT"]
[Termination "NoboaKevin1999 won by resignation"]

1. d4 Nf6 2. Nf3 g6 3. Nc3 d5 4.
Bf4 c6 5. e3 Bg7 6. Be2 Bg4 7.
Ne5 Bxe2 8. Qxe2 Nbd7 9. h4 Nh5 10. Nxd7 Nxf4 11. exf4 Qxd7 12. O-O-O O-O-O 13. Rhe1 e6 14. Kb1 h5 15. Na4 Qd6 16. g3 Qb4 17. b3 Bxd4 18.
c3 Bxc3 19. Nxc3 Qxc3 20. Rc1 Qa5 21. Qe5 Qc7 22. Qf6 Rhe8 23. Re2 Kb8 24. Qd4 b6 25.
b4 Kb7 26. Rec2 Rd6 27. Qe5 Rc8 28. a4 d4 29. Rc4 Rd5 30. Qe4 Qd6 31. b5 c5 32. Rd1 Kb8 33. Kc2 Rd8 34. Kd3 e5 35.
f5 Qf6 36. Re1 gxf5 37. Qg2 e4+ 38. Kc2 d3+ 39. Kb3 Rd4 0-1

[Event "*** SCC Grand Prix: Titled Tuesday Blitz"]
[Site "Chess.com"]
[Date "2020.08.25"]
[Round "5"]
[White "TwentyHoursADay"]
[Black "MariaFominykh"]
[Result "1-0"]
[WhiteElo "2486"]
[BlackElo "2298"]
[TimeControl "180+1"]
[EndTime "10:56:49 PDT"]
[Termination "TwentyHoursADay won by resignation"]

1. b4 Nf6 2. Bb2 e6 3. a3 Be7 4. Nf3 O-O 5. e3 b6 6. c4 Bb7 7. Qc2 d5 8. Ng5 Nbd7 9. Nc3 h6 10.
h4 dxc4 11. Bxc4 Ne5 12. Be2 c5 13. f4 Ned7 14. b5 a6 15. Rh3 axb5 16. Bxb5 e5 17.
Bxd7 Qxd7 18. fxe5 Bxg2 19. Rg3 hxg5 20. exf6 Bxf6 21.
hxg5 Bxc3 22. Qxc3 f6 23. gxf6 Rf7 24. Rxg2 Qh3 25. Kf2 Raf8 26. Rag1 Rxf6+ 27. Qxf6 Rxf6+ 28. Bxf6 Qf5+ 29. Ke2 Qxf6 30. Rxg7+ Kf8 31. Rg8+ Kf7 32. R1g7+ Qxg7 33. Rxg7+ Kxg7 34. Kd3 Kf6 35. Kc4 1-0

[Event "*** SCC Grand Prix: Titled Tuesday Blitz"]
[Site "Chess.com"]
[Date "2020.08.25"]
[Round "5"]
[White "kidagent"]
[Black "Spalir"]
[Result "0-1"]
[WhiteElo "2251"]
[BlackElo "2581"]
[TimeControl "180+1"]
[EndTime "10:56:49 PDT"]
[Termination "Spalir won by resignation"]

1. e4 e6 2. d4 d5 3. Nc3 Nf6 4. e5 Nfd7 5. f4 c5 6. Nf3 Nc6 7. Be3 a6 8. Qd2 b5 9. dxc5 Bxc5 10. O-O-O Qb6 11. Bxc5 Nxc5 12. Ne2 Bb7 13. Ned4 g6 14. Kb1 Rc8 15. g4 Ne4 16. Qe3 h5 17. gxh5 Rxh5 18. Bg2 Nxd4 19. Nxd4 Rc4 20. c3 b4 21. Bxe4 bxc3 22. b3 dxe4 23. Kc2 Bd5 24. Nf5 Qxe3 25. Nxe3 Rc5 26. Ng4 Ke7 27. Rhe1 Rh4 28. Rg1 e3 29.
Rde1 Be4+ 30. Kc1 Bf5 31. Nxe3 Rxh2 32. Rg2 Rh3 33. Nc4 Rf3 34. Rh2 Rxf4 35. Rh7 g5 36.
Rg7 Bg6 37. Nd6 Kf8 0-1

[Event "*** SCC Grand Prix: Titled Tuesday Blitz"]
[Site "Chess.com"]
[Date "2020.08.25"]
[Round "5"]
[White "Ze-Pequeno"]
[Black "KyrgyzFighter"]
[Result "1-0"]
[WhiteElo "2135"]
[BlackElo "2299"]
[TimeControl "180+1"]
[EndTime "10:56:49 PDT"]
[Termination "Ze-Pequeno won by resignation"]

1. e4 e6 2. d4 d5 3. Nc3 Nf6 4. Bg5 Be7 5. e5 Nfd7 6. h4 h6 7. Bxe7 Qxe7 8. Qg4 O-O 9. f4 c5 10. dxc5 Qxc5 11. O-O-O a6 12. Bd3 b5 13. Nf3 b4 14.
Ne2 a5 15. Kb1 a4 16. f5 exf5 17. Bxf5 b3 18. cxb3 axb3 19. a3 Nc6 20. Rc1 Ndxe5 21. Rxc5 Nxg4 22. Bxg4 Bxg4 23. Rxc6 Rfe8 24. Ned4 Rab8 25.
Rc3 Re4 26. Rxb3 Rbe8 27. Rd1 Rf4 28. Rd2 Bxf3 29. Nxf3 1-0

[Event "*** SCC Grand Prix: Titled Tuesday Blitz"]
[Site "Chess.com"]
[Date "2020.08.25"]
[Round "5"]
[White "Morshynska"]
[Black "Justinz"]
[Result "0-1"]
[WhiteElo "2187"]
[BlackElo "2403"]
[TimeControl "180+1"]
[EndTime "10:56:50 PDT"]
[Termination "Justinz won on time"]

1. e4 c5 2. Nf3 d6 3. Bb5+ Nd7 4. O-O Nf6 5. Re1 a6 6. Bd3 e6 7. c3 b5 8. Bc2 c4 9. b3 Bb7 10. a4 cxb3 11. Bxb3 Nxe4 12. d4 bxa4 13. Bxa4 Be7 14. Nfd2 Nxd2 15. Nxd2 O-O 16. Qg4 Nf6 17. Qh3 Rc8 18.
Bb2 Qb6 19. Reb1 Qc7 20. Bc2 Rb8 21. c4 Rfc8 22. d5 e5 23. Bf5 Rd8 24. f4 g6 25.
fxe5 dxe5 26. Nf3 Bd6 27. Qh4 Nh5 28. Bg4 Nf4 29. Qh6 Bf8 30. Qh4 Bg7 31. Kh1 Nd3 32.
Bc3 Qxc4 33. Ba5 Rxd5 34. Ng5 h6 35. Nxf7 Qxg4 36. Qxg4 Nf2+ 37. Kg1 Nxg4 38. Nxe5 Bxe5 39. Ra4 Bc6 0-1

[Event "*** SCC Grand Prix: Titled Tuesday Blitz"]
[Site "Chess.com"]
[Date "2020.08.25"]
[Round "5"]
[White "Flawless_Fighter"]
[Black "Man-Chuk"]
[Result "1-0"]
[WhiteElo "2578"]
[BlackElo "2800"]
[TimeControl "180+1"]
[EndTime "10:56:51 PDT"]
[Termination "Flawless_Fighter won on time"]

1. e4 e5 2. Nf3 Nc6 3. Bb5 Nf6 4.
O-O Nxe4 5. Re1 Nd6 6. Nxe5 Be7 7. Bf1 Nxe5 8. Rxe5 O-O 9. d4 Ne8 10. d5 Bc5 11.
Re1 d6 12. Nd2 Nf6 13. c4 Bf5 14. Qf3 Qd7 15. Nb3 Bb4 16. Bd2 a5 17. h3 Rfe8 18.
Bxb4 axb4 19. Nd4 Bg6 20. Qb3 Qa4 21. Rxe8+ Nxe8 22. Qe3 Nf6 23. Nb5 Re8 24. Qb3 Qa5 25. a3 bxa3 26. Qxa3 Qb6 27. Qa7 1-0

[Event "*** SCC Grand Prix: Titled Tuesday Blitz"]
[Site "Chess.com"]
[Date "2020.08.25"]
[Round "5"]
[White "viniciusrego"]
[Black "Alembong"]
[Result "1-0"]
[WhiteElo "2248"]
[BlackElo "2445"]
[TimeControl "180+1"]
[EndTime "10:56:51 PDT"]
[Termination "viniciusrego won by resignation"]

1. d4 d5 2. c4 e6 3. Nf3 Nf6 4. g3 Bb4+ 5. Bd2 Bd6 6. Bg2 c6 7.
c5 Bc7 8. Nc3 b6 9. b4 a5 10. a3 axb4 11. axb4 Rxa1 12. Qxa1 Ba6 13. O-O O-O 14. Re1 Bc4 15. Bf4 Bxf4 16. gxf4 b5 17.
Ne5 Qc7 18. Qa8 Nfd7 19. Ra1 Nxe5 20. fxe5 Rc8 21. Ra7 Qd8 22. Qb7 Qf8 23. Bh3 Rd8 24. Ra8 Kh8 25. f4 f6 26. Bxe6 fxe5 27. fxe5 Qf4 28. Rxb8 Qxd4+ 29. Kg2 1-0

[Event "*** SCC Grand Prix: Titled Tuesday Blitz"]
[Site "Chess.com"]
[Date "2020.08.25"]
[Round "5"]
[White "mr65"]
[Black "VinzentSpitzl"]
[Result "0-1"]
[WhiteElo "2166"]
[BlackElo "2376"]
[TimeControl "180+1"]
[EndTime "10:56:51 PDT"]
[Termination "VinzentSpitzl won on time"]

1. e4 c6 2. Nc3 d5 3. Nf3 dxe4 4. Nxe4 Nf6 5. Nxf6+ exf6 6. d4 Bd6 7. Bd3 O-O 8. h3 Re8+ 9. Be3 Bf4 10. O-O Bxe3 11.
fxe3 Rxe3 12. Bxh7+ Kxh7 13. Ng5+ Kg6 14. Qd2 Qe7 15.
Rae1 Rxe1 16. Rxe1 Be6 17. Qd3+ f5 18. h4 Qd6 19. g4 Nd7 20. Nxe6 fxe6 21. h5+ Kf6 22. g5+ Kxg5 23. Kh1 Nf6 24. Rg1+ Ng4 25. Qh3 Qd5+ 26.
Rg2 Rh8 27. Qe3+ f4 0-1

[Event "*** SCC Grand Prix: Titled Tuesday Blitz"]
[Site "Chess.com"]
[Date "2020.08.25"]
[Round "5"]
[White "GMJustin"]
[Black "Chessdreamer2020"]
[Result "0-1"]
[WhiteElo "2238"]
[BlackElo "2488"]
[TimeControl "180+1"]
[EndTime "10:56:51 PDT"]
[Termination "Chessdreamer2020 won on time"]

1. d4 d6 2. e4 Nf6 3. Nc3 e5 4.
dxe5 dxe5 5. Qxd8+ Kxd8 6. f4 Bb4 7. Bd3 Nc6 8. Nf3 Bg4 9. fxe5 Nd7 10. Bg5+ Kc8 11.
O-O-O Bxc3 12. bxc3 Ndxe5 13. Nxe5 Nxe5 14. Rde1 Be6 15. Kb2 Re8 16. Rhf1 f6 17. Bf4 Bf7 18. Bxe5 Rxe5 19.
Rf5 Kd7 20. Rxe5 fxe5 21. Rf1 Bg6 22. Rf3 Ke7 23. g3 Rd8 24. a3 Rd6 25. Kc1 Rc6 26.
Kb2 Rb6+ 27. Kc1 Rc6 28. Kb2 Rc5 29. Rf2 Ra5 30. h4 Rc5 31. g4 h6 32. g5 hxg5 33.
Rg2 Rc6 34. Rxg5 Kf6 35. Rg3 Rd6 36. Rf3+ Ke7 37. Rg3 Kf7 38. Bc4+ Kf8 39. Bd3 Rf6 40. Rg5 Re6 41. Bc4 Rb6+ 42. Kc1 Bxe4 43. Rxe5 Bg6 44. Bb3 Rf6 45. h5 Rf1+ 46. Kd2 Bf7 0-1

[Event "*** SCC Grand Prix: Titled Tuesday Blitz"]
[Site "Chess.com"]
[Date "2020.08.25"]
[Round "5"]
[White "hellokostya"]
[Black "GukeshDommaraju"]
[Result "0-1"]
[WhiteElo "2477"]
[BlackElo "2713"]
[TimeControl "180+1"]
[EndTime "10:56:52 PDT"]
[Termination "GukeshDommaraju won on time"]

1. d4 d5 2. c4 e6 3. Nf3 Nf6 4. Nc3 c5 5. cxd5 exd5 6. Bg5 Be6 7. e3 c4 8. g3 Bb4 9. Bg2 O-O 10. O-O Bxc3 11.
bxc3 Nbd7 12. Nd2 h6 13. Bxf6 Nxf6 14. e4 dxe4 15. Nxe4 Nxe4 16. Bxe4 Qa5 17. Qf3 Rab8 18. Rfe1 b5 19. d5 Bd7 20. d6 Rb6 21. Rad1 Qa3 22.
Qf4 Qxc3 23. Bd5 Qf6 24. Qxf6 gxf6 25. Re7 Rxd6 26. Rxf7 Be6 27. Rd7 Rxd5 28. R1xd5 Bxd5 29. Rxd5 a6 30. Rd6 Rc8 0-1

[Event "*** SCC Grand Prix: Titled Tuesday Blitz"]
[Site "Chess.com"]
[Date "2020.08.25"]
[Round "5"]
[White "1977Ivan"]
[Black "djano"]
[Result "1-0"]
[WhiteElo "2694"]
[BlackElo "2462"]
[TimeControl "180+1"]
[EndTime "10:56:52 PDT"]
[Termination "1977Ivan won by resignation"]

1. c4 g6 2. d4 Bg7 3. e4 c5 4. d5 d6 5. Ne2 e6 6. Nec3 Nf6 7. Be2 O-O 8. O-O exd5 9. cxd5 b6 10. a4 Na6 11. Na3 Re8 12. f3 Nb4 13. Kh1 a6 14.
Bg5 h6 15. Be3 Ra7 16. Qd2 Kh7 17. Nc4 Qc7 18. Bf4 Bf8 19. e5 dxe5 20. d6 Qd8 21.
Bxe5 Be6 22. f4 Nfd5 23. Nxd5 Bxd5 24. Ne3 Bc6 25. Ng4 Re6 26. f5 gxf5 27. Rxf5 Rxd6 28. Bxd6 Qxd6 29. Bd3 Nxd3 30. Raf1 Bg7 31. Nf6+ Bxf6 32. Rxf6 Bxg2+ 33. Qxg2 Qf8 34. Qe4+ 1-0

[Event "*** SCC Grand Prix: Titled Tuesday Blitz"]
[Site "Chess.com"]
[Date "2020.08.25"]
[Round "5"]
[White "Haykoooo0o"]
[Black "AndrewMaco"]
[Result "0-1"]
[WhiteElo "2517"]
[BlackElo "2725"]
[TimeControl "180+1"]
[EndTime "10:56:52 PDT"]
[Termination "AndrewMaco won on time"]

1. d4 Nf6 2. Nf3 d5 3. e3 e6 4. Bd3 Bd6 5. Nbd2 O-O 6. Qe2 c5 7. c3 Nc6 8. e4 dxe4 9. Nxe4 Nxe4 10. Qxe4 f5 11. Qe3 cxd4 12. Nxd4 Nxd4 13. Qxd4 e5 14. Qd5+ Kh8 15. O-O e4 16. Bc4 Qc7 17. g3 f4 18.
Qxe4 Bh3 19. Bd2 Rae8 20. Qd5 Bxf1 21. Rxf1 fxg3 22. hxg3 Bc5 23. Kg2 Rd8 24. Qg5 h6 25. Rh1 Rxf2+ 26. Kh3 Rdxd2 27. b4 Qc8+ 28. g4 Bd6 0-1

[Event "*** SCC Grand Prix: Titled Tuesday Blitz"]
[Site "Chess.com"]
[Date "2020.08.25"]
[Round "5"]
[White "karwowskikacper"]
[Black "skiff134"]
[Result "0-1"]
[WhiteElo "2414"]
[BlackElo "2643"]
[TimeControl "180+1"]
[EndTime "10:56:52 PDT"]
[Termination "skiff134 won by resignation"]

1. e4 c6 2. d4 d5 3. exd5 cxd5 4.
c4 Nf6 5. Nc3 g6 6. Qb3 Bg7 7.
cxd5 O-O 8. Be2 Nbd7 9. Bf3 Nb6 10.
Bf4 Bg4 11. Bxg4 Nxg4 12. Nf3 Nf6 13. d6 exd6 14. O-O Nh5 15. Bg5 Qd7 16. a4 d5 17.
Rfd1 Nc4 18. Rac1 Rac8 19. h3 h6 20. Bh4 g5 21. Bg3 Nxg3 22. fxg3 Qd6 23. Ne5 Nxe5 24. dxe5 Qxe5 25. Qxd5 Qxg3 26. Qxb7 Rb8 27. Qe4 Rxb2 28. Ne2 Qa3 29. Rc4 Qa2 30. Nd4 Qxc4 0-1

[Event "*** SCC Grand Prix: Titled Tuesday Blitz"]
[Site "Chess.com"]
[Date "2020.08.25"]
[Round "5"]
[White "GodDMuhammad"]
[Black "teacher4chess"]
[Result "1-0"]
[WhiteElo "2289"]
[BlackElo "2036"]
[TimeControl "180+1"]
[EndTime "10:56:52 PDT"]
[Termination "GodDMuhammad won by resignation"]

1. f4 d5 2. Nf3 c5 3. g3 Nc6 4.
Bg2 Qc7 5. d3 e5 6. c3 Bg4 7.
Qa4 Bd7 8. Qb3 O-O-O 9. fxe5 Be6 10. d4 cxd4 11. cxd4 Nxd4 12. Nxd4 Qxc1+ 13. Kf2 Qc5 14. e3 Qc4 15. Nd2 Qxb3 16. axb3 Bc5 17. Rhc1 b6 18. b4 Kb7 19. bxc5 bxc5 20. Rxc5 Ne7 21. Rb5+ Ka8 22. Nc4 Rb8 23. Nb6+ Kb7 24. Nxd5+ Kc8 25. Nxe7+ Kd7 26. Rxa7+ Ke8 27. Rxb8+ 1-0

[Event "*** SCC Grand Prix: Titled Tuesday Blitz"]
[Site "Chess.com"]
[Date "2020.08.25"]
[Round "5"]
[White "niki_2003"]
[Black "katchesskat"]
[Result "0-1"]
[WhiteElo "1663"]
[BlackElo "2257"]
[TimeControl "180+1"]
[EndTime "10:56:55 PDT"]
[Termination "katchesskat won by checkmate"]

1. d4 c5 2. d5 e5 3. c4 d6 4. Nc3 Ne7 5. e4 Ng6 6. g3 Be7 7. Bg2 O-O 8. Nge2 Bg4 9. O-O Bxe2 10. Qxe2 Nd7 11. f4 exf4 12. gxf4 a6 13. Rf3 Rb8 14. a4 Bf6 15. Rh3 Re8 16. Qh5 Bd4+ 17.
Kh1 Nf6 18. Qe2 Qe7 19. Bd2 Bxc3 20. Bxc3 Nxe4 21. Re1 Ng3+ 22. Rxg3 Qxe2 23. Rxe2 Rxe2 24. f5 Ne5 25. Bf1 Rc2 26. Re3 f6 27. b3 Ng4 28.
Rg3 Nf2+ 29. Kg1 Ne4 30. Bd3 Rxc3 31. Bxe4 Rxg3+ 32. hxg3 Re8 33. Bg2 Re3 34. b4 cxb4 35. Kf2 Rc3 36. Bf1 b3 37. Ke1 b2 38. Kd2 b1=Q 39.
Kxc3 Qxf1 40. c5 dxc5 41. d6 Kf7 42. a5 Ke8 43. Kb3 Kd7 44. Ka4 Qd3 45. g4 Qc3 46. g5 Qb4# 0-1

[Event "*** SCC Grand Prix: Titled Tuesday Blitz"]
[Site "Chess.com"]
[Date "2020.08.25"]
[Round "5"]
[White "dretch"]
[Black "Duhless"]
[Result "0-1"]
[WhiteElo "2765"]
[BlackElo "3006"]
[TimeControl "180+1"]
[EndTime "10:56:56 PDT"]
[Termination "Duhless won on time"]

1. d4 Nf6 2. c4 d6 3. Nf3 g6 4. Nc3 Bg7 5. e4 O-O 6. h3 Nc6 7. d5 Nb4 8. Be2 e6 9. O-O Re8 10.
dxe6 Bxe6 11. Bg5 h6 12. Bf4 Bd7 13. a3 Nxe4 14. axb4 Bxc3 15. Qc1 Bxb4 16. Bxh6 Qf6 17. Bd3 Bxh3 18. Bxe4 Rxe4 19. Ng5 Bxg2 20. Nxe4 Bxe4 21.
Qf4 Qxf4 22. Bxf4 f6 23. Be3 a5 24. Rfd1 Kf7 25. Rd4 f5 26. Kh2 Kf6 27. Kg3 g5 28.
f3 f4+ 29. Kg2 Bc6 30. Bd2 Bc5 31. Rd3 Kf5 32. Rxa5 Rxa5 33. Bxa5 g4 34. Bd2 Bxf3+ 35. Rxf3 gxf3+ 36. Kxf3 Be3 37. Ba5 c6 38. b3 Bd4 39.
Bc7 Be5 0-1

[Event "*** SCC Grand Prix: Titled Tuesday Blitz"]
[Site "Chess.com"]
[Date "2020.08.25"]
[Round "5"]
[White "vugarrasulov"]
[Black "Ginger_GM"]
[Result "1-0"]
[WhiteElo "2823"]
[BlackElo "2569"]
[TimeControl "180+1"]
[EndTime "10:56:56 PDT"]
[Termination "vugarrasulov won by resignation"]

1. c4 f5 2. Nc3 Nf6 3. g3 d6 4.
Bg2 e5 5. d3 Be7 6. Nf3 O-O 7.
O-O Qe8 8. c5 c6 9. cxd6 Bxd6 10. b3 f4 11. Bb2 Qh5 12. Ne4 Nxe4 13. dxe4 Bc7 14. Qc2 Nd7 15. Rad1 fxg3 16. hxg3 Nf6 17. Ba3 Re8 18. Bd6 Bb6 19. Bc5 Ng4 20. Bxb6 axb6 21.
Rd6 Be6 22. Rfd1 b5 23. a4 b4 24. R1d3 Qf7 25. Qc5 Bxb3 26. Bh3 Be6 27. Qxb4 h6 28. Bg2 Re7 29. Rd8+ Rxd8 30. Rxd8+ Kh7 31. Qd6 Bc4 32. Bh3 Be6 33. Bxg4 Bxg4 34. Nxe5 Qe6 35. Nxg4 Qxg4 36. Qxe7 1-0

[Event "*** SCC Grand Prix: Titled Tuesday Blitz"]
[Site "Chess.com"]
[Date "2020.08.25"]
[Round "5"]
[White "DishonorOnYourCow"]
[Black "Natalya_Buksa"]
[Result "0-1"]
[WhiteElo "2347"]
[BlackElo "2498"]
[TimeControl "180+1"]
[EndTime "10:56:57 PDT"]
[Termination "Natalya_Buksa won by resignation"]

1. d4 d5 2. c4 e6 3. Nc3 Be7 4. cxd5 exd5 5. Bf4 Nf6 6. e3 Nc6 7. Bd3 O-O 8. Nge2 Be6 9. Qc2 Nb4 10. Qd2 Nxd3+ 11. Qxd3 b6 12. O-O Qd7 13. h3 c5 14.
Bh2 Rac8 15. Rac1 h6 16. Nf4 Bf5 17. Qd2 c4 18. Rfe1 Bd6 19. Qe2 Bxf4 20. Bxf4 b5 21. Be5 Ne4 22. f3 Nxc3 23. bxc3 a5 24. e4 Be6 25. Rb1 Rfe8 26. Qb2 dxe4 27. fxe4 f6 28. Bg3 b4 29. d5 Bf7 30. cxb4 c3 31. Qc2 axb4 32. Rxb4 Qa7+ 33. Bf2 Qa5 34. Ra4 Qc7 35. Ra7 Qe5 36. a4 Bg6 37. a5 Bxe4 38. Qc1 Qxd5 39. Qf4 c2 40. Qg3 Qg5 41. Qb3+ Kh8 42. g3 c1=Q 43.
Qf7 Qc3 44. h4 Qcxg3+ 0-1

[Event "*** SCC Grand Prix: Titled Tuesday Blitz"]
[Site "Chess.com"]
[Date "2020.08.25"]
[Round "5"]
[White "Unkreativ3"]
[Black "Manukyan_Artak"]
[Result "1-0"]
[WhiteElo "2511"]
[BlackElo "2331"]
[TimeControl "180+1"]
[EndTime "10:56:57 PDT"]
[Termination "Unkreativ3 won on time"]

1. d4 Nf6 2. c4 d6 3. Nc3 g6 4. Nf3 Bg7 5. Bg5 O-O 6. e3 c6 7. Be2 Bf5 8. O-O Ne4 9. Nxe4 Bxe4 10. Nd2 Bf5 11. b4 a5 12. a3 h6 13. Bh4 g5 14.
Bg3 e5 15. dxe5 dxe5 16. Nb3 axb4 17. axb4 Rxa1 18. Qxa1 e4 19. Qc1 Na6 20. Rd1 Qf6 21.
b5 cxb5 22. cxb5 Nb4 23. Nd4 Nd3 24. Bxd3 exd3 25. Nxf5 Qxf5 26. Qc4 Rc8 27. Bc7 b6 28. f4 gxf4 29. Qxf4 Qxb5 30. h3 Qc5 31. Bd6 Qc2 32.
Qg4 Rc6 33. Bf4 Rg6 34. Qf3 Rxg2+ 35. Qxg2 Qxd1+ 36. Kh2 Qe2 37. e4 b5 38. Qxe2 dxe2 39. Bd2 1-0

[Event "*** SCC Grand Prix: Titled Tuesday Blitz"]
[Site "Chess.com"]
[Date "2020.08.25"]
[Round "5"]
[White "ShadowJolteon"]
[Black "korkmaz16"]
[Result "0-1"]
[WhiteElo "2443"]
[BlackElo "2310"]
[TimeControl "180+1"]
[EndTime "10:56:57 PDT"]
[Termination "korkmaz16 won by checkmate"]

1. d4 Nf6 2. c4 e5 3. Nf3 e4 4.
Ng5 c6 5. h4 h6 6. Nh3 d5 7.
Nc3 dxc4 8. a4 Bb4 9. e3 Qa5 10. Bd2 Be6 11. Nf4 Bd5 12. Qc2 O-O 13. g4 Nxg4 14.
Bh3 Nf6 15. Rg1 Na6 16. Bf5 Rfe8 17. Ke2 Rad8 18. Rg2 Qc7 19. Rag1 Bf8 20. Qd1 Nb4 21. Qf1 Nd3 22. Nh3 Nh5 23. Bg4 Be6 24. Nxe4 Bxg4+ 25.
Rxg4 f5 26. Rg6 Rxe4 27. Qg2 Ndf4+ 28. Nxf4 Nxf4+ 29. Kf3 Nxg2 30. R1xg2 Qd7 31. Rxh6 Qd5 32. Rhg6 Rg4+ 33. e4 Qxe4# 0-1

[Event "*** SCC Grand Prix: Titled Tuesday Blitz"]
[Site "Chess.com"]
[Date "2020.08.25"]
[Round "5"]
[White "MattyDPerrine"]
[Black "Rytenko_V"]
[Result "0-1"]
[WhiteElo "2357"]
[BlackElo "2509"]
[TimeControl "180+1"]
[EndTime "10:56:58 PDT"]
[Termination "Rytenko_V won by resignation"]

1. e4 c5 2. Nf3 d6 3. Bb5+ Nc6 4. O-O g5 5. Nxg5 Nf6 6. Re1 Rg8 7. Nf3 Bg4 8. Nc3 e5 9. Nd5 a6 10. Bxc6+ bxc6 11. Ne3 Bh3 12. d3 Qd7 13. Kh1 Ng4 14.
Re2 Nxe3 15. fxe3 Bg4 16. Qf1 f5 17. exf5 Qxf5 18. e4 Qh5 19. Rf2 Be7 20. Be3 Kd7 21. h3 Be6 22. Nh2 Raf8 23. Qe2 Qg6 24. Raf1 Rxf2 25. Rxf2 h5 26. Rf3 h4 27. b3 Qh5 28.
Rf2 Qg6 29. c3 Bxh3 30. Qf3 Be6 31. Rf1 h3 32. gxh3 Rf8 33. Qg2 Rxf1+ 34. Nxf1 Qh5 35.
Qh2 Bxh3 36. Kg1 Qf3 37. Qg3 Qxf1+ 0-1

[Event "*** SCC Grand Prix: Titled Tuesday Blitz"]
[Site "Chess.com"]
[Date "2020.08.25"]
[Round "5"]
[White "Chess_Boxer123"]
[Black "VMikhalevski"]
[Result "1-0"]
[WhiteElo "2545"]
[BlackElo "2717"]
[TimeControl "180+1"]
[EndTime "10:56:59 PDT"]
[Termination "Chess_Boxer123 won by checkmate"]

1. Nf3 d5 2. b3 Bg4 3. Ne5 Bh5 4.
Bb2 f6 5. g4 fxe5 6. gxh5 Nd7 7. Bh3 Ngf6 8. e3 Kf7 9. Nc3 e6 10. f4 exf4 11. exf4 Bc5 12. Qf3 Qe7 13. O-O-O Rae8 14.
Rde1 Qd6 15. Kb1 c6 16. d3 Ba3 17. Ba1 Qc5 18. Na4 Qd6 19. Rhg1 Rhg8 20. Be5 Qf8 21.
Rgf1 Bb4 22. c3 Bd6 23. d4 Ke7 24. f5 Bxe5 25. dxe5 Ne4 26. Rxe4 dxe4 27. Qxe4 Qf7 28. fxe6 Qxh5 29. Rf7+ Kd8 30. Rxd7+ Kc8 31. Qd3 Qxe5 32. e7 Kb8 33. Rd8+ Kc7 34. Qd7# 1-0

[Event "*** SCC Grand Prix: Titled Tuesday Blitz"]
[Site "Chess.com"]
[Date "2020.08.25"]
[Round "5"]
[White "romulocardoso"]
[Black "fianchettoer"]
[Result "1-0"]
[WhiteElo "2037"]
[BlackElo "2421"]
[TimeControl "180+1"]
[EndTime "10:56:59 PDT"]
[Termination "romulocardoso won by checkmate"]

1. e4 c6 2. d4 d5 3. exd5 cxd5 4. c4 Nf6 5. Nc3 e6 6. Nf3 Bb4 7. Bd3 dxc4 8. Bxc4 O-O 9. O-O b6 10. a3 Bxc3 11.
bxc3 Qc7 12. Qd3 Bb7 13. Re1 Bxf3 14. Qxf3 Nbd7 15. Bb3 Rac8 16. Bb2 b5 17. Rac1 Nb6 18. Re5 a6 19. Rg5 Kh8 20. h4 h6 21. Rg3 Nc4 22.
Bxc4 Qxc4 23. Qf4 Qc7 24. Qf3 Qc6 25. Qe3 Qd5 26. Re1 Rc4 27. Bc1 Rfc8 28. Rxg7 Kxg7 29.
Qxh6+ Kg8 30. Qxf6 Qf5 31. Qh6 Qg6 32. Qf4 Rxc3 33. Bb2 R3c4 34. Re5 Kf8 35. Rg5 Qb1+ 36. Kh2 Qxb2 37. Qd6+ Ke8 38. Rg8# 1-0

[Event "*** SCC Grand Prix: Titled Tuesday Blitz"]
[Site "Chess.com"]
[Date "2020.08.25"]
[Round "5"]
[White "varacalli"]
[Black "davidkalashian"]
[Result "1-0"]
[WhiteElo "2406"]
[BlackElo "2604"]
[TimeControl "180+1"]
[EndTime "10:57:00 PDT"]
[Termination "varacalli won on time"]

1. e4 c6 2. d4 g6 3. Nf3 Bg7 4. Nc3 d6 5. a4 Nf6 6. h3 O-O 7.
Be3 Nbd7 8. a5 e5 9. dxe5 dxe5 10. Bc4 Qe7 11. Qb1 Nc5 12. Nd2 Be6 13. Qa2 Bxc4 14.
Qxc4 Ne6 15. Nb3 Nh5 16. O-O Nhf4 17. Nc5 Qg5 18. g3 Nxh3+ 19. Kh2 Qh5 20. Qe2 Qxe2 21. Nxe2 Nhg5 22. f4 exf4 23. gxf4 Nxc5 24. Bxc5 Nxe4 25. Bxf8 Kxf8 26. c3 f5 27. Rad1 Ke7 28. Ng3 Nf6 29.
Rfe1+ Kf7 30. Rd3 Bh6 31. Rf3 Rd8 32. Re2 Rd1 33. Kg2 Nd5 34. Ref2 1-0

[Event "*** SCC Grand Prix: Titled Tuesday Blitz"]
[Site "Chess.com"]
[Date "2020.08.25"]
[Round "5"]
[White "Region_07"]
[Black "ChessicallyInclined"]
[Result "0-1"]
[WhiteElo "2383"]
[BlackElo "2523"]
[TimeControl "180+1"]
[EndTime "10:57:00 PDT"]
[Termination "ChessicallyInclined won by checkmate"]

1. e4 d6 2. d4 Nf6 3. Nc3 g6 4. Bg5 c6 5. f3 Nbd7 6. Qd2 b5 7. a4 b4 8. Nd1 a5 9. Nf2 Qc7 10. h4 h5 11. Ne2 Nb6 12. Nf4 Bg7 13. Qe3 c5 14.
Bb5+ Bd7 15. Bxd7+ Nfxd7 16. Nd5 Nxd5 17. exd5 O-O 18.
dxc5 Bxb2 19. Rd1 Bc3+ 20. Kf1 Nxc5 21. Qxe7 Qb8 22. Bf4 Ra6 23. Ne4 Nxe4 24. Qxe4 Re8 25. Qc4 Ra7 26. Kf2 Rae7 27. Kg3 Re2 28. Qc6 Qa7 29.
Rd3 Qf2+ 30. Kh3 Qxg2# 0-1